 Dungeon Crawl Stone Soup version 0.27.1-34-g3ba077fa99 (webtiles) character file.

Game seed: 18259649443028467872

3122 multipassport the Ducker (level 9, -16/69 HPs)
             Began as a Vampire Abyssal Knight on Jan 16, 2022.
             Was an Elder of Lugonu.
             Demolished by a white very ugly thing (20 damage)
             ... while paralysed by a great orb of eyes
             ... on level 2 of the Abyss.
             The game lasted 00:22:02 (5970 turns).

multipassport the Ducker (Vampire Abyssal Knight)   Turns: 5970, Time: 00:22:03

Health: -16/69     AC: 17    Str: 12      XL:     9   Next: 60%
Magic:  10/13      EV:  2    Int: 19      God:    Lugonu [****..]
Gold:   628        SH:  0    Dex: 11 (13) Spells: 8/8 levels left

rFire    . . .     SeeInvis +   e - +9 war axe of the Ten Orbs {vamp, rN+++ Str-2 Int+6}
rCold    + . .     Faith    .   (no shield)
rNeg     + + +     Spirit   .   k - +1 plate armour
rPois    .         Reflect  .   r - +0 helmet
rElec    .         Harm     .   (no cloak)
rCorr    .         Rampage  .   (no gloves)
Will     .....                  i - +0 pair of boots
Stlth    ..........             (no amulet)
HPRegen  0.41/turn              (no ring)
MPRegen  0.13/turn              (no ring)

@: paralysed, healing quickly
A: alive, fangs 3, see invisible, vampiric 2, iridescent scales 1, cold
resistance 1, dopey 1
a: Exsanguinate, Renounce Religion, Depart the Abyss, Bend Space, Banish,
Corrupt


You were on level 2 of the Abyss.
You worshipped Lugonu.
Lugonu was greatly pleased with you.
You visited 2 branches of the dungeon, and saw 9 of its levels.
You visited the Abyss 2 times.

You collected 628 gold pieces.

Inventory:

Hand Weapons
 e - the +9 war axe of the Ten Orbs (weapon) {vamp, rN+++ Str-2 Int+6}
   (You found it on level 3 of the Abyss)

   It occasionally heals its wielder for a portion of the damage dealt when it
   wounds a living foe.
   Str:       It affects your strength (-2).
   Int:       It affects your intelligence (+6).
   rN:        It renders you almost immune to negative energy.
Armour
 i - a +0 pair of boots (worn)
 k - a +1 plate armour (worn)
 r - a +0 helmet (worn)
Wands
 q - a wand of polymorph (8)
Scrolls
 a - a scroll of amnesia
 d - 3 scrolls of identify
 g - 2 scrolls of immolation
 h - 5 scrolls of noise
 j - a scroll of summoning
 l - a scroll of blinking {unknown}
 m - 2 scrolls of magic mapping
Potions
 b - 4 potions of heal wounds
 c - a potion of cancellation
 f - 3 potions of mutation
 n - a potion of magic
 o - 3 potions of curing
 p - a potion of lignification


   Skills:
 + Level 6.1 Fighting
 + Level 5.3(5.5) Axes
 - Level 1.5(3.4) Maces & Flails
 + Level 5.0 Armour
 + Level 6.9 Dodging
 + Level 5.7 Invocations


You had 8 spell levels left.
You didn't know any spells.
Your spell library contained the following spells:

 Spells                   Type           Power      Damage    Failure   Level
 Apportation              Tloc           0%         N/A       100%        1
 Leda's Liquefaction      Hex/Erth       0%         N/A       100%        4
 Alistair's Intoxication  Tmut/Pois      0%         N/A       100%        5
 Bolt of Magma            Conj/Fire/Erth 0%         4d4       100%        5
 Iskenderun's Battlesphe  Conj           0%         2d6       100%        5
 Invisibility             Hex            0%         N/A       100%        6
 Iron Shot                Conj/Erth      0%         9d1       100%        6
 Statue Form              Tmut/Erth      0%         N/A       100%        6
 Spellforged Servitor     Conj/Summ      0%         N/A       100%        7


Dungeon Overview and Level Annotations

Branches:
Dungeon (8/15)             Temple (1/1) D:7            Lair (0/6) D:8

Altars:

Annotations:
D:8 Psyche


Innate Abilities, Weirdness & Mutations

Your natural rate of healing is accelerated.
You have razor-sharp teeth.
You have supernaturally acute eyesight. (SInv)
You are afflicted with vampirism and can become a bat while bloodless.
You are partially covered in iridescent scales. (AC +2)
Your flesh is cold resistant. (rC+)
You are dopey. (Int -2)


Message History

You kill the quasit!
You closely miss the white very ugly thing.
The white very ugly thing headbutts you!
The white very ugly thing freezes you! You resist.
The white very ugly thing headbutts you but does no damage.
Found a tapered wooden wand.
A quasit comes into view.
The quasit gives a chilling moan.
The white very ugly thing headbutts you.
The white very ugly thing freezes you! You resist.
A great orb of eyes and a raiju come into view.
The great orb of eyes turns its gaze towards you.
The raiju barks!
The great orb of eyes gazes at you.
You suddenly lose the ability to move!
A kobold brigand comes into view.
It is wielding a +3 short sword of flaming and quivering curare-tipped darts.
The kobold demonologist shouts!
The kobold brigand shouts!
The quasit bites you but does no damage.
The quasit claws you but does no damage. x2
The quasit bites you but does no damage.
The quasit claws you but does no damage. x2
The brown very ugly thing basks in the mutagenic energy from its kin and changes!
The quasit bites you but does no damage.
The quasit claws you but does no damage. x2
The raiju bursts into living lightning!
The living lightning hits you!
* * * LOW HITPOINT WARNING * * *
The raiju blinks!
The great orb of eyes gazes at you.
You feel your power leaking away.
A kobold comes into view. It is wielding a +0 club. x2
The kobold shouts! x2
The quasit bites you.
* * * LOW HITPOINT WARNING * * *
The quasit completely misses you.
The quasit claws you but does no damage.
The white very ugly thing headbutts you!
* * * LOW HITPOINT WARNING * * *
The white very ugly thing freezes you!! You resist.
You die...

#.. #.. .. ... ..#.
.##.. ##.. ....#
#..#. #..##....
...##......#..
...........
###.#....#
#.##..@..##. #
#..#.5#u.G.#
#.###KK......h...#
#..K.u.#.#......# #
#..#.K.u##....##...
#.# #.#..#.##...#
.. ## #.#
..#.###.#.# # . .
#.##....##....
..u..# ####u# ..# .


You could see 2 very ugly things, a great orb of eyes, a green ugly thing, a
kobold demonologist, a raiju, a kobold brigand, a quasit and 2 kobolds.

Vanquished Creatures
  Pikel (D:4)
  A yak (D:8)
  A basilisk (D:8)
  A water moccasin (D:8)
  An ice beast (D:5)
  A sky beast (D:7)
  2 necrophages
  4 ogres
  A black bear (D:8)
  A centaur (D:5)
  A lemure (D:4)
  A phantom (D:5)
  A kobold brigand (D:5)
  A wyvern zombie (D:7)
  A gnoll sergeant (D:7)
  3 scorpions
  A water moccasin zombie (D:5)
  A wyvern skeleton (D:5)
  A water moccasin skeleton (D:5)
  A bullfrog zombie (D:6)
  2 quasits (Abyss:2)
  A centaur skeleton (D:6)
  5 hounds
  An orc priest (D:7)
  A gnoll shaman (D:4)
  6 iguanas
  3 orc wizards
  A scorpion zombie (D:5)
  7 gnolls
  10 adders
  A white imp (Abyss:1)
  An adder skeleton (D:4)
  A worm (D:4)
  5 dart slugs
  11 orcs
  6 ball pythons
  5 endoplasms
  6 giant cockroaches
  10 goblins
  5 hobgoblins
  7 jackals
  4 quokkas
  6 bats
  4 frilled lizards
  16 kobolds
  A quokka skeleton (D:4)
  6 rats
158 creatures vanquished.

Vanquished Creatures (others)
  3 plants
  6 starspawn tentacles (Abyss:1)
9 creatures vanquished.

Grand Total: 167 creatures vanquished

Notes
Turn   | Place    | Note
-------+----------+-------------------------------------------
     0 | Abyss:1  | multipassport the Vampire Abyssal Knight began the quest
                  | for the Orb.
     0 | Abyss:1  | Reached XP level 1. HP: 17/17 MP: 2/2
    36 | Abyss:1  | Noticed a small abomination
   147 | Abyss:3  | Identified the +9 war axe of the Ten Orbs {vamp, rN+++
                  | Str-2 Int+6}
   153 | Abyss:3  | Noticed a quasit
   155 | Abyss:3  | Noticed a tentacled starspawn
   163 | D:1      | Escaped the Abyss
   230 | D:1      | You fall into a shaft and drop 1 floor!
   266 | D:2      | Reached skill level 1 in Armour
   276 | D:1      | Reached XP level 2. HP: 23/23 MP: 3/3
   326 | D:1      | Reached * piety under Lugonu
   775 | D:2      | Gained mutation: You are afflicted with vampirism and can
                  | become a bat while bloodless. [Vampire growth]
   775 | D:2      | Reached XP level 3. HP: 28/28 MP: 4/4
   942 | D:2      | Reached skill level 1 in Axes
  1066 | D:2      | Noticed a shining eye
  1068 | D:2      | Found a faded altar of an unknown god.
  1073 | D:2      | Noticed an eye of devastation
  1073 | D:2      | Noticed a great orb of eyes
  1073 | D:2      | Noticed a floating eye
  1509 | D:2      | Reached XP level 4. HP: 35/35 MP: 5/5
  1595 | D:2      | Reached ** piety under Lugonu
  1714 | D:3      | Gained mutation: You are partially covered in iridescent
                  | scales. (AC +2) [potion of mutation]
  1714 | D:3      | Gained mutation: You are dopey. (Int -2) [potion of
                  | mutation]
  1714 | D:3      | Gained mutation: Your flesh is cold resistant. (rC+)
                  | [potion of mutation]
  2531 | D:4      | Reached XP level 5. HP: 40/41 MP: 6/6
  2964 | D:4      | Reached XP level 6. HP: 13/47 MP: 8/8
  3331 | D:4      | Reached *** piety under Lugonu
  3340 | D:5      | Entered Level 5 of the Dungeon
  3379 | D:5      | Noticed Pikel
  3425 | D:4      | Killed Pikel
  3426 | D:4      | Reached XP level 7. HP: 27/54 MP: 9/9
  3656 | D:5      | Reached skill level 5 in Dodging
  3656 | D:5      | Reached XP level 8. HP: 59/61 MP: 9/11
  3960 | D:5      | Reached skill level 5 in Fighting
  4692 | D:6      | Reached skill level 5 in Invocations
  4692 | D:6      | Reached XP level 9. HP: 63/68 MP: 12/12
  5006 | D:7      | Reached **** piety under Lugonu
  5312 | D:7      | Found a staircase to the Ecumenical Temple.
  5319 | D:7      | Reached skill level 5 in Axes
  5337 | Temple   | Entered the Ecumenical Temple
  5665 | D:8      | Found a staircase to the Lair.
  5793 | D:8      | Noticed Psyche
  5801 | D:8      | Cast into level 1 of the Abyss (Psyche)
  5819 | Abyss:1  | Noticed a tentacled starspawn
  5894 | Abyss:2  | Reached skill level 5 in Armour
  5923 | Abyss:2  | Noticed a hellion
  5935 | Abyss:2  | Noticed a white very ugly thing
  5935 | Abyss:2  | Noticed a white very ugly thing
  5935 | Abyss:2  | Noticed a white ugly thing
  5935 | Abyss:2  | Noticed a white very ugly thing
  5935 | Abyss:2  | Noticed a white ugly thing
  5935 | Abyss:2  | Noticed a white very ugly thing
  5966 | Abyss:2  | Noticed a great orb of eyes
  5967 | Abyss:2  | Paralysed by a great orb of eyes for 5 turns
  5968 | Abyss:2  | Noticed a kobold demonologist
  5970 | Abyss:2  | Demolished by a white very ugly thing

Illustrated notes

Levels and vault maps discovered:
D:1:      evilmike_arrival_plus, layout_basic
D:2:      minmay_thinvault, layout_loops_ring,
          hellmonk_ecumenical_altar_watching_god, chequers_avenue,
          kennysheep_generic_room_10
D:3:      layout_basic
D:4:      layout_basic
D:5:      layout_basic, st_stairs_10, uniq_pikel
D:6:      layout_cave_pools
D:7:      layout_cave_pools, temple_fountains
D:8:      layout_loops_ring, nicolae_dithmenos_the_darkroom, david_lair_generic,
          st_stairs_6, minmay_guarded_unrand_variability, uniq_grum,
          uniq_psyche, uniq_harold
Temple:   dpeg_five_rooms_temple
Abyss:2:  base: Temple, base: D:2, hangedman_abyss_feature_spike,
          hangedman_abyss_feature_spike, abyss_exit_lava

Skill      XL: |  1  2  3  4  5  6  7  8  9 |
---------------+----------------------------+-----
Armour         | 1 2 3 4 5 |  5.0
Invocations    | 2 3 4 5 |  5.7
Fighting       | 3 4 5 6 |  6.1
Axes           | 1 2 3 4 5 |  5.3
Dodging        | 3 4 5 6 |  6.9
Maces & Flails | |  1.5

Action                   |  1- 3 |  4- 6 |  7- 9 || total
-------------------------+-------+-------+-------++-------
Melee: War axe           |    71 |   131 |   201 ||   403
       Bite              |     3 |    10 |    15 ||    28
Invok: Depart the Abyss  |     1 |       |       ||     1
  Use: Scroll            |       |     9 |     6 ||    15
       Potion            |       |     4 |     2 ||     6
Armor: Leather armour    |     6 |       |       ||     6
       Scale mail        |    30 |    11 |       ||    41
       Plate armour      |       |    99 |   193 ||   292
Dodge: Dodged            |    44 |    19 |    56 ||   119
